 Dungeon Crawl Stone Soup version 0.27-a0-978-g2aa4ecdaef (webtiles) character file.

Game seed: 17961960230475564791

88 dickylongcocking the Magician (level 4, 0/33 HPs)
             Began as a Djinni Fire Elementalist on Apr 14, 2021.
             Slain by a gnoll
             ... wielding a +0 halberd
              (8 damage)
             ... on level 2 of the Dungeon.
             The game lasted 00:02:08 (3134 turns).

dickylongcocking the Magician (DjFE)                Turns: 3134, Time: 00:02:08

Health: 0/33       AC:  2    Str:  7    XL:     4   Next: 54%
Gold:   73         EV: 12    Int: 18    God:
                   SH:  0    Dex: 13

rFire    + + .     SeeInvis .   d - +2 whip (pain)
rCold    x . .     Faith    .   (no shield)
rNeg     . . .     Spirit   .   a - +0 robe
rPois    ∞         Reflect  .   (helmet restricted)
rElec    .         Harm     .   (no cloak)
rCorr    .         Rampage  .   (no gloves)
Will     +....                  (boots unavailable)
Stlth    ++........             (no amulet)
HPRegen  0.11/turn              (no ring)
MPRegen  0.00/turn              (no ring)

@: flying
A: fire resistance 2, cold vulnerability 1, float, innate caster, hp casting,
extra vitality 1, antennae 1, strong-willed 1
a: no special abilities


You were on level 2 of the Dungeon.
You visited 1 branch of the dungeon, and saw 2 of its levels.

You collected 73 gold pieces.

Inventory:

Hand Weapons
 c - a +0 dagger
 d - a +2 whip of pain (weapon)
Armour
 a - a +0 robe (worn)
Wands
 j - a wand of iceblast (9)
Scrolls
 e - 4 scrolls of identify {unknown}
 g - 2 scrolls of fog {unknown}
Potions
 b - a potion of might {unknown}


   Skills:
 * Level 2.0 Fighting
 - Level 2.3 Dodging
 - Level 1.7 Stealth
 * Level 3.8 Spellcasting


You couldn't memorise any spells.
You knew the following spells:

 Your Spells              Type           Power      Damage    Failure   Level
a - Foxfire               Conj/Fire      68%        2x1d7     3%          1
b - Conjure Flame         Conj/Fire      17%        6-21      10%         3
c - Inner Flame           Hex/Fire       17%        N/A       10%         3
d - Sticky Flame          Conj/Fire      17%        2d4       30%         4
e - Fireball              Conj/Fire      8%         3d6       65%         5
f - Apportation           Tloc           34%        N/A       3%          1
Your spell library was empty.

Dungeon Overview and Level Annotations

Branches:
Dungeon (2/15)

Altars:


Innate Abilities, Weirdness & Mutations

You are immune to poison.
Your flesh is very heat resistant. (rF++)
You are vulnerable to cold. (rC-)
You float through the air rather than walking.
You learn spells naturally, not from books.
Your magical power is your life essence.
You have superior vitality. (+4 HP)
You have a pair of small antennae on your head.
You are strong-willed. (Will+)


Message History

Unknown command.
Your foxfire dissipates!
The foxfire hits the gnoll.
The gnoll is moderately wounded.
The gnoll closely misses you.
You see here a +0 whip.
Casting: Foxfire (safe; 3% risk of failure)
Confirm with . or Enter, or press ? or * to list all spells.
Okay, then.
Casting: Foxfire (safe; 3% risk of failure)
Confirm with . or Enter, or press ? or * to list all spells.
The spell is extremely dangerous to cast (32% risk of failure)!
Continue anyway?
Aiming: Sticky Flame (extremely dangerous; 32% risk of failure)
Press: ? - help, Shift-Dir - straight line, f - gnoll
Aim: a gnoll, wielding a +0 club (moderately wounded, 0% to evade)
The sticky flame hits the gnoll.
The gnoll is severely wounded.
The gnoll is covered in liquid flames!
The gnoll burns!
You kill the gnoll!
The gnoll barely misses you.
Your Fighting skill increases to level 2!
Unknown command.
Unknown command.
The gnoll hits you from afar with a +0 halberd!
* * * LOW HITPOINT WARNING * * *
Things that are here:
a +0 club; a gnoll corpse Unknown command.
You are too injured to fight recklessly!
Unknown command.
Unknown command.
It was a potion of mutation.
You feel extremely strange. A pair of antennae grows on your head!
You feel strong-willed. The gnoll closely misses you.
Casting: Sticky Flame (extremely dangerous; 30% risk of failure)
Confirm with . or Enter, or press ? or * to list all spells.
You conjure some foxfire!
* * * LOW HITPOINT WARNING * * *
The gnoll hits you from afar with a +0 halberd!
You die...

....#...#.#...'..#
)'##.#8#.8.#8##..#
##.######'#####..#
...## ##.####...# ....#
#†..##..).# ..8.#
##.##.....# ...##
###..?..g#
##########.....v.######
'...............@v...>#
###.#######.###########
# #.# #. #.#### #
#....# #....###
#......# #......#
#......#


You could see a gnoll (ally target).

Vanquished Creatures
  3 gnolls (D:2)
  2 worms (D:2)
  4 orcs (D:2)
  2 endoplasms (D:1)
  2 giant cockroaches
  6 goblins
  8 hobgoblins
  4 jackals (D:2)
  2 ball pythons (D:1)
  4 bats (D:2)
  A frilled lizard (D:2)
  3 kobolds (D:1)
  6 rats
47 creatures vanquished.

Vanquished Creatures (collateral kills)
  4 foxfires (D:1)
4 creatures vanquished.

Vanquished Creatures (others)
  A hobgoblin (D:1)
  100 foxfires
101 creatures vanquished.

Grand Total: 152 creatures vanquished

Notes
Turn   | Place    | Note
-------+----------+-------------------------------------------
     0 | D:1      | dickylongcocking the Djinni Fire Elementalist began the
                  | quest for the Orb.
     0 | D:1      | Reached XP level 1. HP: 15/15 MP: 0/0
   629 | D:1      | Reached skill level 3 in Spellcasting
   629 | D:1      | Reached XP level 2. HP: 17/21 MP: 0/0
   709 | D:1      | Found a faded altar of an unknown god.
  1701 | D:2      | Reached XP level 3. HP: 24/26 MP: 0/0
  1701 | D:2      | Learned a level 1 spell: Apportation
  2172 | D:2      | Reached skill level 1 in Fighting
  3072 | D:2      | Reached XP level 4. HP: 28/32 MP: 0/0
  3133 | D:2      | Gained mutation: You have a pair of small antennae on your
                  | head. [potion of mutation]
  3133 | D:2      | Gained mutation: You are strong-willed. (Will+) [potion of
                  | mutation]
  3134 | D:2      | Slain by a gnoll

Illustrated notes

Levels and vault maps discovered:
D:1:      eino_arrival_water_cross, layout_loops_ring,
          shapermc_ecumenical_altar_gd, lemuel_old_faithful
D:2:      layout_basic, wad_orctagon

Skill      XL: |  1  2  3  4 |
---------------+-------------+-----
Spellcasting   | 3 |  3.8
Fighting       | 1 2 |  2.0
Dodging        | |  2.3
Stealth        | |  1.7

Action                   |  1- 3 |  4- 6 || total
-------------------------+-------+-------++-------
Melee: Dagger            |    14 |       ||    14
       Unarmed           |     4 |       ||     4
       Whip              |    47 |     1 ||    48
 Cast: Foxfire           |    66 |     7 ||    73
       Sticky Flame      |       |     1 ||     1
  Use: Potion            |     2 |     2 ||     4
 Stab: Sleeping          |     1 |     1 ||     2
Armor: Skin              |    25 |       ||    25
       Robe              |    11 |       ||    11
Dodge: Dodged            |    40 |     8 ||    48

Table legend: (Time is in decaauts)
 A = Elapsed time spent in this place.
 B = Non-inter-level travel time spent in this place.
 C = Inter-level travel time spent in this place.
 D = Time resting spent in this place.
 E = Time spent auto-exploring this place.
 F = Levels seen in this place.
 G = Mean time per level.
                   A        B        C        D        E       F      G
               +--------+--------+--------+--------+--------+-----+--------+
         Total |   3137 |   3122 |     15 |    628 |   2170 |   2 | 1568.5 |
       Dungeon |   3137 |   3122 |     15 |    628 |   2170 |   2 | 1568.5 |
               +--------+--------+--------+--------+--------+-----+--------+

Top non-repeatable levels by time:
     D:1: 1690 daAuts
     D:2: 1446 daAuts
